 Dungeon Crawl Stone Soup version 0.24.0-13-gcf9b319 (webtiles) character file.

Game seed: 5158344787788394781, levelgen mode: deterministic

66 Bronimir the Chiller (level 3, -4/19 HPs)
             Began as a Deep Elf Ice Elementalist on Apr 12, 2020.
             Slain by Crazy Yiuf
             ... wielding a +4 quarterstaff of chaos
              (11 damage)
             ... while paralysed by Crazy Yiuf
             ... on level 2 of the Dungeon.
             The game lasted 00:05:26 (1828 turns).

Bronimir the Chiller (Deep Elf Ice Elementalist)    Turns: 1828, Time: 00:05:26

Health: -4/19      AC:  2    Str:  5    XL:     3   Next: 96%
Magic:  3/10       EV:  2    Int: 20    God:
Gold:   51         SH:  0    Dex: 15    Spells: 3/9 levels left

rFire    . . .     SeeInvis .   a - +0 short sword
rCold    . . .     Gourm    .   (no shield)
rNeg     . . .     Faith    .   n - +0 robe
rPois    .         Spirit   .   (no helmet)
rElec    .         Reflect  .   (no cloak)
rCorr    .         Harm     .   (no gloves)
MR       .....                  (no boots)
Stlth    ++........             (no amulet)
HPRegen  0.06/turn              (no ring)
MPRegen  0.12/turn              (no ring)

@: paralysed, very slightly contaminated, hasted
A: no striking features
a: no special abilities


You were on level 2 of the Dungeon.
You were near starving.

You visited 1 branch of the dungeon, and saw 2 of its levels.

You collected 51 gold pieces.

Inventory:

Hand Weapons
 a - a +0 short sword (weapon)
 b - a +0 hunting sling
 e - a +0 club
Missiles
 i - 97 stones (quivered)
 j - 74 arrows
Armour
 n - a +0 robe (worn)
 o - a +4 scale mail of poison resistance
Scrolls
 g - 3 scrolls of identify {unknown}
 k - a scroll of teleportation {unknown}
 l - 2 scrolls of enchant armour {unknown}
 p - a scroll of remove curse {unknown}
 q - a scroll of immolation {unknown}
Potions
 d - a potion of curing {unknown}
 f - a potion of degeneration {unknown}
 h - a potion of might {unknown}
 m - a potion of heal wounds {unknown}
Comestibles
 c - 4 rations


   Skills:
 * Level 3.0 Dodging
 - Level 2.5 Stealth
 * Level 3.9 Spellcasting
 * Level 1.8 Conjurations
 * Level 4.2 Ice Magic


You had 3 spell levels left.
You knew the following spells:

 Your Spells              Type           Power        Failure   Level  Hunger
a - Freeze                Ice            ###.         2%          1    None
b - Throw Frost           Conj/Ice       ###...       5%          2    ##.....
c - Ozocubu's Armour      Chrm/Ice       ##......     16%         3    ###....

Your spell library contained the following spells:

 Spells                   Type           Power        Failure   Level  Hunger
 Throw Icicle             Conj/Ice       ###.....     36%         4    ####...
 Summon Ice Beast         Ice/Summ       ##......     47%         4    ####...


Dungeon Overview and Level Annotations

Branches:
Dungeon (2/15)

Altars:
Hepliaklqana

Annotations:
D:2 Crazy Yiuf


Message History

Nothing appears to happen.
Casting: Ozocubu's Armour (safe; 16% risk of failure)
Confirm with . or Enter, or press ? or * to list all spells.
You miscast Ozocubu's Armour.
Strange energies run through your body.
Crazy Yiuf glowers.
Casting: Ozocubu's Armour (safe; 16% risk of failure)
Confirm with . or Enter, or press ? or * to list all spells.
Aiming: Freeze (safe; 2% risk of failure)
Press: ? - help, Shift-Dir - straight line, f - Crazy Yiuf
Aim: Crazy Yiuf, wielding a +4 quarterstaff of chaos and wearing a +2 cloak of poison resistance You freeze Crazy Yiuf!
Crazy Yiuf is heavily wounded.
Crazy Yiuf hits you but does no damage.
You suddenly lose the ability to move!
Crazy Yiuf grits, "Whiteboard!"
Crazy Yiuf hits you with a +4 quarterstaff of chaos!
Ouch! That really hurt!
You feel yourself speed up.
Crazy Yiuf hits you with a +4 quarterstaff of chaos!
Ouch! That really hurt!
You die...

#.##..... #
###... #... ##.#
^.. ♣♣♣♣♣### ....
### ♣♣♣.♣....##
#...
#...#♣..♣......##
#...g@♣♣♣♣PP....#
#)..#♣♣
♣♣.....###### ###
♣♣###.......
##.#####
###.#####
#......##
#.##.##... #
#...... #######


You could see Crazy Yiuf.

Vanquished Creatures
  Terence (D:2)
  An adder (D:2)
  A dart slug (D:1)
  3 bats
  A giant cockroach (D:1)
  3 goblins (D:2)
  2 hobgoblins (D:1)
  2 jackals (D:1)
  5 kobolds
  A quokka (D:2)
  3 frilled lizards
  5 rats
28 creatures vanquished.

Notes
Turn   | Place    | Note
-------+----------+-------------------------------------------
     0 | D:1      | Bronimir the Deep Elf Ice Elementalist began the quest for
                  | the Orb.
     0 | D:1      | Reached XP level 1. HP: 10/10 MP: 6/6
   337 | D:1      | Reached XP level 2. HP: 15/15 MP: 5/8
   348 | D:1      | Learned a level 2 spell: Throw Frost
  1148 | D:2      | Found a hazy altar of Hepliaklqana.
  1225 | D:2      | Reached skill level 4 in Ice Magic
  1225 | D:2      | Reached XP level 3. HP: 19/19 MP: 0/10
  1321 | D:2      | Noticed Terence
  1396 | D:2      | Learned a level 3 spell: Ozocubu's Armour
  1438 | D:2      | Killed Terence
  1819 | D:2      | Found a runed translucent door.
  1820 | D:2      | Noticed Crazy Yiuf
  1826 | D:2      | Paralysed by Crazy Yiuf for 5 turns
  1828 | D:2      | Slain by Crazy Yiuf

Levels and vault maps discovered:
D:1:      minmay_arrival_radiant_lines, layout_basic
D:2:      layout_loops_cross, marbit_many_paths, minivault_11,
          minmay_small_reverse_x, uniq_crazy_yiuf_cottage, uniq_terence

Skill      XL: |  1  2  3 |
---------------+----------+-----
Ice Magic      | 4 |  4.2
Dodging        | 3 |  3.0
Stealth        | |  2.5
Spellcasting   | |  3.9
Conjurations   | |  1.8

Action                   || total
-------------------------++-------
Melee: Club              ||    14
 Cast: Freeze            ||    21
       Throw Frost       ||    27
       Ozocubu's Armour  ||     1
  Eat: Chunk             ||     2
Armor: Robe              ||     8
Dodge: Dodged            ||    22
